 Dungeon Crawl Stone Soup version 0.32-a0-818-gb728d0252e (webtiles) character file.

Game seed: 252762347539533440

49412 funkygono the Thaumaturge (level 14, -1/75 HPs)
             Began as a Gargoyle Fire Elementalist on Mar 24, 2024.
             Was an Elder of Vehumet.
             Slain by a dire elephant (19 damage)
             ... on level 4 of the Lair of Beasts.
             The game lasted 00:51:57 (21184 turns).

funkygono the Thaumaturge (GrFE)                   Turns: 21184, Time: 00:51:58

Health: -1/75      AC: 28    Str: 12    XL:     14   Next: 50%
Magic:  20/31      EV: 11    Int: 27    God:    Vehumet [****..]
Gold:   1138       SH:  0    Dex: 10    Spells: 15/40 levels left

rFire   + + .        Q - +6 quarterstaff (spect)
rCold   x . .        (shield currently unavailable)
rNeg    + . .        x - +1 ring mail {rF+}
rPois   ∞            T - +2 hat {Stlth+}
rElec   +            M - +2 cloak
rCorr   .            E - +1 pair of gloves
SInv    .            j - +1 pair of boots
Will    +....        (no amulet)
Stlth   +++          o - +6 ring of intelligence
HPRegen 0.32/turn    D - ring of fire
MPRegen 0.22/turn

%: no passive effects
@: flying, studying 2 skills
A: sickness immunity, AC +10, big wings, negative energy resistance 1,
electricity resistance, torment resistance 1, petrification resistance
a: Renounce Religion


You were on level 4 of the Lair of Beasts.
You worshipped Vehumet.
Vehumet was greatly pleased with you.
You visited 3 branches of the dungeon, and saw 16 of its levels.
You also visited: Ossuary.

You collected 1261 gold pieces.
You spent 123 gold pieces at shops.

Inventory:

Hand Weapons
 g - a +5 mace
 Q - a +6 spectral quarterstaff (weapon)
Missiles
 w - 2 throwing nets
Armour
 j - a +1 pair of boots (worn)
 q - a +1 helmet of see invisible
 x - a +1 ring mail of fire resistance (worn)
 E - a +1 pair of gloves (worn)
 M - a +2 cloak (worn)
 T - a +2 hat of stealth (worn)
Magical Staves
 L - a staff of conjuration
Jewellery
 c - a +6 ring of strength
 f - a +6 ring of strength
 o - a +6 ring of intelligence (left hand)
 u - a +4 ring of protection
 z - a ring of resist corrosion
 D - a ring of fire (right hand)
Wands
 d - a wand of charming (15)
 v - a wand of flame (45)
 B - a wand of roots (8)
 I - a wand of acid (15)
 J - a wand of mindburst (22)
Scrolls
 a - 2 scrolls of immolation
 e - 8 scrolls of teleportation
 m - a scroll of torment
 p - a scroll of amnesia
 r - 6 scrolls of fear
 s - 3 scrolls of revelation
 y - a scroll of fog
 A - a scroll of enchant armour
 F - 5 scrolls of identify
 S - 3 scrolls of blinking
Potions
 b - a potion of magic
 h - 3 potions of resistance
 i - 2 potions of curing
 k - 4 potions of might
 l - 2 potions of heal wounds
 n - a potion of berserk rage
 t - 2 potions of invisibility
 K - 3 potions of enlightenment
 N - a potion of haste
Miscellaneous
 C - a phial of floods


   Skills:
 + Level 3.8 Fighting
 + Level 2.8(4.1) Maces & Flails
 + Level 4.7(5.1) Staves
 + Level 7.6 Armour
 + Level 5.9 Dodging
 + Level 4.0 Stealth
 + Level 13.7 Spellcasting
 + Level 11.0 Conjurations
 + Level 11.4 Fire Magic
 + Level 10.6 Earth Magic


You had 15 spell levels left.
You knew the following spells:

 Your Spells              Type           Power      Damage    Failure   Level
a - Foxfire               Conj/Fire      100%       2x1d9     1%          1
b - Scorch                Fire           100%       2d9       1%          2
c - Flame Wave            Conj/Fire      87%        2d19      1%          4
d - Sandblast             Erth           100%       2d20      1%          1
e - Stone Arrow           Conj/Erth      100%       3d13      1%          3
f - Fireball              Conj/Fire      43%        3d17      1%          5
g - Olgreb's Toxic Radia  Alch           18%        N/A       16%         4
h - Iskenderun's Battles  Conj           67%        2d12      1%          5

Your spell library contained the following spells:

 Spells                   Type           Power      Damage    Failure   Level
 Kiss of Death            Conj/Necr      100%       2d13      1%          1
 Sting                    Conj/Alch      100%       1d9       1%          1
 Dazzling Flash           Conj/Hex       96%        N/A       1%          3
 Inner Flame              Hex/Fire       65%        N/A       1%          3
 Mephitic Cloud           Conj/Alch/Air  38%        N/A       1%          3
 Volatile Blastmotes      Fire/Tloc      100%       2d18      1%          3
 Brom's Barrelling Bould  Conj/Erth      67%        2d8       1%          4
 Iskenderun's Mystic Bla  Conj/Tloc      48%        2d11      1%          4
 Lee's Rapid Deconstruct  Erth           33%        3d17*     1%          5
 Mercury Vapours          Alch/Air       36%        N/A       2%          2
 Apportation              Tloc           36%        N/A       6%          1
 Animate Armour           Summ/Erth      94%        N/A       7%          4
 Leda's Liquefaction      Alch/Erth      23%        N/A       7%          4
 Petrify                  Alch/Erth      47%        N/A       7%          4
 Jinxbite                 Hex            36%        N/A       9%          2
 Call Canine Familiar     Summ           18%        N/A       17%         3
 Confusing Touch          Hex            18%        N/A       17%         3
 Sigil of Binding         Hex            18%        N/A       17%         3
 Tukima's Dance           Hex            18%        N/A       17%         3
 Cause Fear               Hex            9%         N/A       50%         4
 Dimensional Bullseye     Hex/Tloc       9%         N/A       50%         4
 Dispel Undead            Necr           18%        3d11      50%         4
 Summon Lightning Spire   Summ/Air       18%        N/A       50%         4
 Alistair's Intoxication  Alch           12%        N/A       85%         5
 Curse of Agony           Necr           18%        N/A       85%         5
 Metabolic Englaciation   Hex/Ice        9%         N/A       85%         5
 Silence                  Hex/Air        9%         N/A       85%         5
 Dragon's Call            Summ           9%         N/A       100%        9


Dungeon Overview and Level Annotations

Branches:
Dungeon (10/15)            Temple (1/1) D:7            Lair (5/5) D:10
  Swamp (0/4) Lair:2        Snake (0/4) Lair:3        Slime (0/5) Lair:4
    Orc (0/2) D:10        Ossuary (visited)

Altars:
Ashenzari
Cheibriados
Dithmenos
Elyvilon
Fedhas
Gozag
Hepliaklqana
Kikubaaqudgha
Makhleb
Nemelex Xobeh
Okawaru
Qazlal
Ru
Sif Muna
Trog
Uskayaw
Vehumet
Wu Jian
Xom
Yredelemnul
Zin
The Shining One

Shops:
D:1 [?[((   D:2 *   D:3 [=::(   D:4 =   D:9 [

Annotations:
D:7 3 runed translucent doors, FlatIsJustice's ghost, novice FoFi; nago's ghost, novice NaCA
Lair:5 1 runed translucent door, Aqauw's ghost, journeyman DrFi


Innate Abilities, Weirdness & Mutations

You are immune to sickness and miasma.
Your stone body is resilient. (AC +10)
You are immune to poison.
Your large and strong wings let you fly.
You resist negative energy. (rN+)
You are resistant to electric shocks. (rElec)
You are resistant to unholy torment.
You are immune to petrification.


Message History

You are shoved backwards!
You feel much better. The dire elephant tramples you!
You are shoved backwards!
Okay, then.
Casting: Scorch (safe; 1% risk of failure)
Confirm with . or Enter, or press ? or * to list all spells.
Aiming: Stone Arrow (safe; 1% risk of failure)
Press: ? - help, Shift-Dir - straight line, f/p - dire elephant
Aim: a dire elephant (moderately wounded, 100% to hit)
The stone arrow hits the dire elephant!
The dire elephant is heavily wounded.
The dire elephant tramples you but does no damage.
The dire elephant trunk-slaps you.
Casting: Stone Arrow (safe; 1% risk of failure)
Confirm with . or Enter, or press ? or * to list all spells.
Aiming: Stone Arrow (safe; 1% risk of failure)
Press: ? - help, Shift-Dir - straight line, f/p - dire elephant
Aim: a dire elephant (heavily wounded, 100% to hit)
The stone arrow hits the dire elephant!!
The dire elephant is severely wounded.
The dire elephant tramples you!
* * * LOW HITPOINT WARNING * * *
You are shoved backwards!
Casting: Stone Arrow (safe; 1% risk of failure)
Confirm with . or Enter, or press ? or * to list all spells.
Aiming: Stone Arrow (safe; 1% risk of failure)
Press: ? - help, Shift-Dir - straight line, f/p - dire elephant
Aim: a dire elephant (severely wounded, 100% to hit)
The stone arrow hits the dire elephant!
The dire elephant is severely wounded.
The dire elephant barely misses you.
The dire elephant trunk-slaps you but does no damage.
Casting: Stone Arrow (safe; 1% risk of failure)
Confirm with . or Enter, or press ? or * to list all spells.
Aiming: Stone Arrow (safe; 1% risk of failure)
Press: ? - help, Shift-Dir - straight line, f/p - dire elephant
Aim: a dire elephant (severely wounded, 100% to hit)
The stone arrow hits the dire elephant!
The dire elephant is almost dead.
The dire elephant tramples you!!
You die...

................#
................# ###
...............## ##..
.#.....#........##### ##P..
##......P..........P# #####....
#.#.....<..........## ###.##.....
##..................###....#.....
......#............#.##..........
....####.....#..@................
.#### #...###...Y......÷......##
## #.### #..........#.#.#.### ###
##.>.....###.##.####
#...#.............#
##.##....#.##.......
###..#....÷>###P......
####....................<
#........................


You could see a dire elephant.

Vanquished Creatures
  Gastronok (D:10)
  Josephine (D:10)
  5 hydras
  An anaconda (Lair:5)
  2 boulder beetles
  A ghost crab (Lair:2)
  Nergalle (D:10)
  Amaemon (D:8)
  2 spectral death yaks (Lair:5)
  5 oklob plants
  Maurice (D:8)
  16 elephants
  Joseph (D:8)
  2 dire elephant zombies (Lair:5)
  A black mamba (Lair:4)
  8 cane toads
  A torpor snail (Lair:5)
  An orange demon (D:8)
  10 komodo dragons
  7 rime drakes
  Maggie (D:8)
  4 trolls
  A polar bear (Lair:1)
  A hornet (D:9)
  Grinder (D:3)
  5 dream sheep
  Prince Ribbit (D:8)
  18 blink frogs
  6 wraiths (D:10)
  5 wyverns
  2 basilisks
  45 yaks
  2 steam dragons
  Menkaure (D:5)
  2 spectral cane toads
  Edmund (D:6)
  6 nagas (Lair:3)
  17 water moccasins
  4 orc warriors
  A spectral yak (Lair:2)
  A spectral polar bear (Lair:2)
  A swamp drake (D:10)
  An ice beast (D:7)
  A sky beast (D:7)
  3 black bears
  2 elephant zombies (Lair:5)
  3 ogres
  15 wolves
  2 centaurs
  2 kobold brigands
  A phantom (D:6)
  19 bullfrogs
  2 burial acolytes (Ossuary)
  A cane toad simulacrum (Lair:5)
  3 wights (Ossuary)
  An elephant simulacrum (Lair:5)
  5 killer bees (D:7)
  An electric eel (Lair:3)
  6 howler monkeys
  2 gnoll boudas
  A human zombie (D:5)
  2 hounds (D:5)
  5 orc priests
  A centaur skeleton (Ossuary)
  Jessica (D:2)
  2 human skeletons (D:5)
  Ijyb (D:4)
  6 orc wizards
  A sleepcap (D:6)
  Natasha (thrice) (D:2)
  3 iguanas
  2 hell rats (Lair:1)
  9 adders
  13 gnolls
  8 river rats (Lair:1)
  2 shadow imps (D:8)
  A white imp (D:7)
  4 ufetubi
  2 adder skeletons (Ossuary)
  13 dart slugs
  30 orcs
  4 ball pythons
  5 endoplasms
  2 giant cockroaches
  4 goblins
  3 hobgoblins
  17 kobolds
  5 quokkas
  2 bats (D:2)
  2 frilled lizards
  3 hobgoblin skeletons (Ossuary)
  A kobold skeleton (Ossuary)
  2 orc skeletons (D:5)
  An orc zombie (D:5)
  3 rats
428 creatures vanquished.

Vanquished Creatures (collateral kills)
  9 foxfires
9 creatures vanquished.

Vanquished Creatures (others)
  890 foxfires
  3 spectral weapons
893 creatures vanquished.

Grand Total: 1330 creatures vanquished

Notes
Turn   | Place    | Note
-------+----------+-------------------------------------------
     0 | D:1      | funkygono the Gargoyle Fire Elementalist began the quest
                  | for the Orb.
     0 | D:1      | Reached XP level 1. HP: 10/10 MP: 3/3
     1 | D:1      | Found a faded altar of an unknown god.
   131 | D:1      | Found Lanuif's Magic Scroll Boutique.
   155 | D:1      | Bought 2 scrolls of identify for 52 gold pieces
   155 | D:1      | Bought a scroll of identify for 26 gold pieces
   305 | D:1      | Reached XP level 2. HP: 15/15 MP: 1/5
   308 | D:1      | Learned a level 2 spell: Scorch
   356 | D:1      | Found Duxouxti's Armour Emporium.
   364 | D:1      | Bought a +0 pair of boots for 45 gold pieces
   490 | D:1      | Found Poaxet's Weapon Emporium.
   490 | D:1      | Noticed a +0 demon trident
   490 | D:1      | Noticed a +0 triple sword
   562 | D:1      | Found Luqyraeb's Antique Armour Shoppe.
   629 | D:1      | Found Wech's Antique Weapon Emporium.
   848 | D:2      | Reached XP level 3. HP: 19/19 MP: 1/6
   942 | D:2      | Found Oggut's Assorted Antiques.
  1523 | D:2      | Noticed Jessica
  1525 | D:2      | Killed Jessica
  1526 | D:2      | Reached XP level 4. HP: 24/24 MP: 3/7
  1532 | D:2      | Learned a level 4 spell: Flame Wave
  1685 | D:2      | Noticed Natasha
  1689 | D:2      | Killed Natasha
  1690 | D:2      | Reached skill level 1 in Maces & Flails
  1690 | D:2      | Reached skill level 1 in Armour
  1750 | D:2      | Noticed Natasha
  1756 | D:2      | Killed Natasha
  1757 | D:2      | Reached skill level 3 in Spellcasting
  1757 | D:2      | Reached XP level 5. HP: 28/28 MP: 3/9
  1892 | D:2      | Noticed Natasha
  1898 | D:2      | Killed Natasha
  1961 | D:3      | Noticed Grinder
  2054 | D:3      | Killed Grinder
  2055 | D:3      | Reached skill level 4 in Spellcasting
  2055 | D:3      | Reached XP level 6. HP: 27/33 MP: 4/12
  2139 | D:3      | Found Gimniph's Armour Boutique.
  2143 | D:3      | Found Ixekhiph's Jewellery Boutique.
  2196 | D:3      | Found Sokuocyi's Book Boutique.
  2205 | D:3      | Found Odeb's Weapon Shoppe.
  2314 | D:3      | Found Puafiki's Book Shoppe.
  2543 | D:3      | Found a white marble altar of Elyvilon.
  2671 | D:3      | Learned a level 1 spell: Sandblast
  2750 | D:4      | Found Yfeemor's Jewellery Shoppe.
  3109 | D:4      | Noticed Ijyb
  3120 | D:4      | Reached XP level 7. HP: 15/37 MP: 4/13
  3121 | D:4      | Killed Ijyb
  3804 | D:4      | Found a sacrificial altar of Ru.
  3920 | D:4      | Learned a level 3 spell: Stone Arrow
  3974 | D:5      | Entered Level 5 of the Dungeon
  4024 | D:5      | Noticed Menkaure
  4035 | D:5      | Killed Menkaure
  4036 | D:5      | Reached skill level 5 in Fire Magic
  4036 | D:5      | Reached skill level 1 in Earth Magic
  4055 | D:5      | Reached skill level 5 in Spellcasting
  4116 | D:5      | Found a sand-covered staircase.
  4121 | Ossuary  | Entered an ossuary
  4297 | Ossuary  | Reached XP level 8. HP: 39/42 MP: 10/15
  5052 | D:5      | Found a hide-covered altar of Uskayaw.
  5499 | D:6      | Reached skill level 6 in Spellcasting
  5499 | D:6      | Reached skill level 5 in Earth Magic
  5700 | D:6      | Found a broken altar of Ashenzari.
  6000 | D:6      | Reached XP level 9. HP: 46/46 MP: 10/18
  6079 | D:6      | Reached skill level 1 in Fighting
  6149 | D:6      | Noticed Edmund
  6156 | D:6      | Killed Edmund
  6375 | D:5      | Reached skill level 7 in Spellcasting
  6885 | D:7      | Found an opulent altar of Gozag.
  6984 | D:7      | Found a blossoming altar of Fedhas.
  6984 | D:7      | Found a glowing golden altar of the Shining One.
  7061 | D:7      | Found a staircase to the Ecumenical Temple.
  7199 | Temple   | Entered the Ecumenical Temple
  7244 | Temple   | Became a worshipper of Vehumet
  7414 | D:7      | Found a runed translucent gate.
  7415 | D:7      | Found a runed translucent gate.
  7415 | D:7      | Found a runed translucent gate.
  7418 | D:7      | Noticed nago's ghost (novice NaCA)
  7418 | D:7      | Noticed FlatIsJustice's ghost (novice FoFi)
  7456 | D:7      | Found a bloodstained altar of Trog.
  7456 | D:7      | Found a stormy altar of Qazlal.
  7710 | D:7      | Reached XP level 10. HP: 35/53 MP: 12/21
  7950 | D:7      | Found a sparkling altar of Nemelex Xobeh.
  8197 | D:7      | Reached skill level 8 in Spellcasting
  8422 | D:8      | Noticed Maurice
  8433 | D:8      | Killed Maurice
  8771 | D:8      | Noticed Amaemon
  8772 | D:8      | Noticed an orange demon
  8775 | D:8      | Noticed Maggie
  8778 | D:8      | Noticed Prince Ribbit
  8779 | D:8      | Killed an orange demon
  8780 | D:8      | Reached skill level 5 in Conjurations
  8785 | D:8      | Killed Maggie
  8786 | D:8      | Killed Prince Ribbit
  8787 | D:8      | Killed Amaemon
  8978 | D:8      | You fall into a shaft and drop 2 floors!
  8978 | D:10     | Entered Level 10 of the Dungeon
  9048 | D:10     | Reached * piety under Vehumet
  9048 | D:10     | Offered knowledge of Magic Dart by Vehumet.
  9135 | D:10     | Reached skill level 9 in Spellcasting
  9156 | D:10     | Noticed Josephine
  9165 | D:10     | Killed Josephine
  9166 | D:10     | Reached skill level 5 in Armour
  9166 | D:10     | Reached XP level 11. HP: 41/58 MP: 10/24
  9246 | D:10     | Found a staircase to the Lair.
  9553 | D:10     | Reached ** piety under Vehumet
  9592 | D:10     | Found a staircase to the Orcish Mines.
  9605 | D:10     | Offered knowledge of Momentum Strike by Vehumet.
 10035 | D:8      | Noticed Joseph
 10045 | D:8      | Killed Joseph
 10046 | D:8      | Reached skill level 10 in Spellcasting
 10604 | D:9      | Found Heracles's Dragon-Slaying Spoils.
 11441 | D:10     | Noticed Gastronok
 11454 | D:10     | Killed Gastronok
 11705 | D:10     | Noticed Nergalle
 11711 | D:10     | Killed Nergalle
 12120 | Lair:1   | Entered Level 1 of the Lair of Beasts
 12427 | Lair:1   | Reached skill level 1 in Staves
 12427 | Lair:1   | Reached XP level 12. HP: 61/64 MP: 12/26
 12585 | D:10     | Offered knowledge of Mercury Vapours by Vehumet.
 12595 | D:10     | Reached skill level 11 in Spellcasting
 13178 | Lair:1   | Reached *** piety under Vehumet
 13229 | Lair:1   | Offered knowledge of Airstrike by Vehumet.
 13457 | Lair:1   | Learned a level 5 spell: Fireball
 14087 | Lair:2   | Noticed a boulder beetle
 14408 | Lair:1   | Reached **** piety under Vehumet
 14583 | Lair:2   | Noticed a six-headed hydra
 14600 | Lair:2   | Offered knowledge of Olgreb's Toxic Radiance by Vehumet.
 14743 | Lair:1   | Killed a boulder beetle
 14885 | Lair:2   | Killed a six-headed hydra
 14886 | Lair:2   | Reached XP level 13. HP: 61/68 MP: 18/28
 15401 | Lair:2   | Reached skill level 10 in Earth Magic
 15403 | Lair:2   | Reached skill level 12 in Spellcasting
 15611 | Lair:2   | Reached skill level 5 in Dodging
 15840 | Lair:2   | Learned a level 4 spell: Olgreb's Toxic Radiance
 15971 | Lair:2   | Found a staircase to the Swamp.
 16502 | Lair:3   | Reached ***** piety under Vehumet
 16503 | Lair:3   | Reached skill level 10 in Fire Magic
 16536 | Lair:3   | Offered knowledge of Iskenderun's Battlesphere by Vehumet.
 16908 | Lair:3   | Found a staircase to the Snake Pit.
 17181 | Lair:3   | You fall into a shaft and drop 2 floors!
 17181 | Lair:5   | Entered Level 5 of the Lair of Beasts
 17648 | Lair:3   | Reached skill level 10 in Conjurations
 18000 | Lair:3   | Identified a scroll of acquirement
 18000 | Lair:3   | Acquired a manual of Fire Magic
 18107 | Lair:4   | Found a staircase to the Slime Pits.
 18177 | Lair:4   | Gained mutation: Your large and strong wings let you fly.
                  | [Gargoyle growth]
 18177 | Lair:4   | Reached XP level 14. HP: 75/75 MP: 19/30
 18635 | Lair:4   | Reached skill level 13 in Spellcasting
 18999 | Lair:4   | Learned a level 5 spell: Iskenderun's Battlesphere
 19499 | Lair:5   | Found a runed translucent door.
 19499 | Lair:5   | Noticed Aqauw's ghost (journeyman DrFi)
 20150 | Lair:5   | Noticed a dire elephant
 20151 | Lair:5   | Noticed a dire elephant
 20229 | Lair:5   | Noticed a dire elephant
 21184 | Lair:4   | Slain by a dire elephant

Illustrated notes

Levels and vault maps discovered:
D:1:      minmay_arrival_glassed_features, layout_rooms, basic_ecumenical_altar,
          serial_shops, nicolae_shop_mannequins, nicolae_diamond_shop, shop,
          shop_coins, nicolae_shop_peninsula, kennysheep_nondescript
D:2:      layout_basic, serial_shops, shop, chequers_decorated_corner,
          uniq_jessica, uniq_natasha
D:3:      layout_rooms, old_standard_altar, serial_shops, shop_statue, shop,
          shop_fountains, shop, shop, interstate_on_off, st_stairs_9,
          uniq_grinder
D:4:      kennysheep_slugbush, layout_loops_corners, kennysheep_little_box,
          serial_shops, nicolae_shop_pleasant_corner_grove, uniq_ijyb
D:5:      layout_cave_pools, mainiacjoe_overflow_catwalk,
          nicolae_ossuary_entry_catacombs, minmay_hedge_maze, uniq_menkaure
D:6:      layout_loops_ring, cheibrodos_ashenzari_chains, uniq_edmund
D:7:      layout_loops_corners, mainiacjoe_overflow_alcove_2,
          grunt_temple_overflow_open, nicolae_gozag_seed_capital,
          gammafunk_temple_overflow_pools, minmay_temple_entry_glassed_door,
          gammafunk_ghost_cemetery, roderic_lattice_a
D:8:      layout_loops_cross, lightli_orcish_oven, uniq_joseph, uniq_amaemon,
          uniq_maurice, uniq_prince_ribbit1, uniq_maggie
D:9:      layout_loops_ring, nicolae_shop_dragon_depot, hangedman_glass_teeth,
          amcnicky_mini_corridor_feature
D:10:     layout_stronghold, lair_entry_dummy, erik_orc_1, uniq_gastronok,
          uniq_josephine, uniq_nergalle
Temple:   minmay_temple_bridge_abc
Lair:1:   layout_misc_corridors, kennysheep_rathole, grunt_megastairs_5
Lair:2:   layout_chaotic_city, nicolae_swamp_entry_spooky, beast_lair_carwin_9,
          serial_bayou_shore_b, infiniplex_staircase_pool_2,
          serial_bayou_shore_a, grunt_megastairs_1
Lair:3:   layout_roguey, minmay_snake_entry_guardpost_medium, st_stairs_6,
          infiniplex_staircase_pool, lemuel_fruit_fields
Lair:4:   layout_misc_corridors, slime_entry_1, dpeg_oklob_1
Lair:5:   due_jungle_book, layout_long_grid, hellmonk_ghost_happy_afterlife

Skill      XL: |  1  2  3  4  5  6  7  8  9 10 11 12 13 14 |
---------------+-------------------------------------------+-----
Conjurations   | 2 3 4 5 6 8 10 11 | 11.0
Maces & Flails | 1 2 |  2.8
Armour         | 1 2 3 5 6 7 |  7.6
Spellcasting   | 3 4 5 6 7 9 10 11 12 13 | 13.7
Dodging        | 2 3 4 5 |  5.9
Fire Magic     | 4 5 6 7 8 9 10 11 | 11.4
Earth Magic    | 2 5 6 7 8 9 10 | 10.6
Stealth        | 3 4 |  4.0
Fighting       | 2 3 |  3.8
Staves         | 1 3 4 |  4.7

Action                     |  1- 3 |  4- 6 |  7- 9 | 10-12 | 13-15 || total
---------------------------+-------+-------+-------+-------+-------++-------
  Melee: Morningstar       |    31 |    14 |    15 |       |       ||    60
         Mace              |       |       |    32 |       |       ||    32
         Staff             |       |       |       |    16 |       ||    16
         Quarterstaff      |       |       |       |    68 |    71 ||   139
   Cast: Foxfire           |    35 |    36 |   101 |   185 |   161 ||   518
         Scorch            |     5 |    11 |    39 |    36 |    37 ||   128
         Sandblast         |       |     8 |    68 |    50 |       ||   126
         Flame Wave        |       |     1 |     1 |    26 |    16 ||    44
         Stone Arrow       |       |       |    13 |   103 |   109 ||   225
         Fireball          |       |       |       |     3 |    54 ||    57
    Use: Scroll            |     3 |     3 |    18 |     5 |     3 ||    32
         Potion            |       |     1 |       |     6 |     4 ||    11
   Stab: Distracted        |       |       |       |       |     1 ||     1
 Armour: Ring mail         |    31 |    56 |   122 |   315 |   198 ||   722
  Dodge: Dodged            |    22 |    16 |    75 |   158 |   102 ||   373

Table legend: (Time is in decaauts)
 A = Elapsed time spent in this place.
 B = Non-inter-level travel time spent in this place.
 C = Inter-level travel time spent in this place.
 D = Time resting spent in this place.
 E = Time spent auto-exploring this place.
 F = Levels seen in this place.
 G = Mean time per level.
                   A        B        C        D        E       F      G
               +--------+--------+--------+--------+--------+-----+--------+
         Total |  21374 |  20942 |    432 |   1148 |  16224 |  17 | 1257.3 |
       Dungeon |  12037 |  11790 |    247 |    460 |   9430 |  10 | 1203.7 |
        Temple |     82 |     20 |     62 |      0 |      0 |   1 |   82.0 |
          Lair |   8625 |   8504 |    121 |    602 |   6409 |   5 | 1725.0 |
       Ossuary |    628 |    628 |      0 |     86 |    385 |   1 |  628.0 |
               +--------+--------+--------+--------+--------+-----+--------+

Top non-repeatable levels by time:
    D:10: 2130 daAuts
  Lair:5: 2098 daAuts
  Lair:2: 1926 daAuts
  Lair:1: 1843 daAuts
     D:7: 1449 daAuts
  Lair:3: 1384 daAuts
  Lair:4: 1373 daAuts
     D:2: 1315 daAuts
     D:4: 1287 daAuts
     D:6: 1194 daAuts
     D:8: 1164 daAuts
     D:5: 1132 daAuts
     D:9: 948 daAuts
     D:1: 738 daAuts
     D:3: 675 daAuts
